 Dungeon Crawl Stone Soup version 0.24.1 (webtiles) character file.

Game seed: 17829444712330676472, levelgen mode: deterministic

13423 nightchill the Geomancer (level 12, -2/77 HPs)
             Began as a Gargoyle Earth Elementalist on Mar 30, 2020.
             Was an Elder of Vehumet.
             Slain by a komodo dragon (26 damage)
             ... on level 2 of the Lair of Beasts.
             The game lasted 00:55:46 (14583 turns).

nightchill the Geomancer (GrEE)                    Turns: 14583, Time: 00:55:46

Health: -2/77      AC: 13    Str: 13    XL:     12   Next: 5%
Magic:  22/30      EV: 12    Int: 20    God:    Vehumet [****..]
Gold:   637        SH:  4    Dex: 10    Spells: 7/23 levels left

rFire    . . .     SeeInvis +   k - +7 Singing Sword {slice, sonic wave}
rCold    . . .     Gourm    .   n - +0 buckler
rNeg     + . .     Faith    .   c - +0 robe
rPois    ∞         Spirit   .   (no helmet)
rElec    +         Reflect  .   F - scarf {repulsion}
rCorr    .         Harm     .   l - +1 pair of gloves
MR       .....                  (no boots)
Stlth    ++........             E - amulet of magic regeneration
HPRegen  0.22/turn              w - ring of see invisible
MPRegen  0.47/turn              P - ring of magical power

@: repel missiles
A: negative energy resistance 1, electricity resistance, unbreathing,
petrification resistance, rot immunity, AC +8
a: Renounce Religion


You were on level 2 of the Lair of Beasts.
You worshipped Vehumet.
Vehumet was greatly pleased with you.
You were not hungry.

You visited 3 branches of the dungeon, and saw 14 of its levels.

You collected 637 gold pieces.

Inventory:

Hand Weapons
 k - the +7 Singing Sword (weapon) {slice, sonic wave}
   (You found it on level 5 of the Dungeon)

   It inflicts extra damage upon your enemies.
 I - a +0 hunting sling
 M - a +0 dire flail
Missiles
 b - 181 stones (quivered)
 f - 26 sling bullets
 u - 12 curare-tipped darts
 v - 24 poisoned darts
Armour
 c - a +0 robe (worn)
 l - a +1 pair of gloves (worn)
 n - a +0 buckler (worn)
 F - a scarf of repulsion (worn)
Magical Staves
 J - an uncursed staff of power
Jewellery
 w - a ring of see invisible (left hand)
 E - an amulet of magic regeneration (around neck)
 P - a ring of magical power (right hand)
Wands
 x - a wand of iceblast (13)
 y - a wand of flame (6)
 B - a wand of acid (7)
 K - a wand of polymorph (8)
Scrolls
 a - 4 scrolls of remove curse
 e - 3 scrolls of magic mapping {unknown}
 h - 7 scrolls of teleportation
 j - 2 scrolls of fear
 m - 2 scrolls of fog {unknown}
 q - 2 scrolls of amnesia
 r - a scroll of random uselessness
 s - 2 scrolls of immolation
 z - 3 scrolls of blinking
 D - 3 scrolls of enchant armour {unknown}
 L - a scroll of silence {unknown}
 Q - a scroll of noise {unknown}
Potions
 g - a potion of flight {unknown}
 i - a potion of ambrosia
 o - a potion of haste {unknown}
 p - 2 potions of magic
 t - 2 potions of agility
 A - 2 potions of brilliance
 C - 8 potions of curing
 G - 2 potions of mutation
 H - a potion of invisibility {unknown}
 O - a potion of lignification {unknown}
Miscellaneous
 N - a box of beasts
Comestibles
 d - 18 rations
 R - 3 chunks of flesh


   Skills:
 + Level 9.6 Fighting
 + Level 6.8 Long Blades
 - Level 1.7 Maces & Flails
 + Level 3.2 Armour
 - Level 1.6 Dodging
 - Level 2.3 Stealth
 - Level 4.0 Shields
 - Level 6.0 Spellcasting
 + Level 7.0 Conjurations
 - Level 0.7 Transmutations
 + Level 13.1 Earth Magic


You had 7 spell levels left.
You knew the following spells:

 Your Spells              Type           Power        Failure   Level  Hunger
a - Sandblast             Erth           ######       1%          1    None
b - Passwall              Tmut/Erth      ####....     1%          2    None
c - Lee's Rapid Deconstr  Erth           ######....   1%          5    #####..
d - Stone Arrow           Conj/Erth      #####.       1%          3    ##.....
e - Bolt of Magma         Conj/Fire/Erth ####......   5%          5    #####..

Your spell library contained the following spells:

 Spells                   Type           Power        Failure   Level  Hunger
 Petrify                  Tmut/Erth      ####....     6%          4    ####...


Dungeon Overview and Level Annotations

Branches:
Dungeon (11/15)            Temple (1/1) D:4            Lair (2/6) D:10
  Swamp: Lair:2-4    Shoals: Lair:2-4     Snake: Lair:2-4    Spider: Lair:2-4
    Orc: D:9-12

Altars:
Fedhas
Gozag
Hepliaklqana
Kikubaaqudgha
Qazlal
Ru
Trog
Uskayaw
Vehumet
Yredelemnul
Zin
The Shining One

Shops:
D:6 *   D:9 %

Annotations:
D:9 exclusion: downstairs


Innate Abilities, Weirdness & Mutations

You are resistant to torment.
Your stone body is resilient. (AC +8)
You are immune to poison.
You resist negative energy. (rN+)
You are resistant to electric shocks. (rElec)
You can survive without breathing.
You are immune to petrification.
You are immune to rotting.


Message History

The komodo dragon is moderately wounded.
Casting: Stone Arrow (safe; 1% risk of failure)
Confirm with . or Enter, or press ? or * to list all spells.
Aiming: Stone Arrow (safe; 1% risk of failure)
Press: ? - help, Shift-Dir - straight line, f/p - komodo dragon
Aim: a komodo dragon (moderately wounded)
The stone arrow hits the komodo dragon!
The komodo dragon is heavily wounded.
Casting: Stone Arrow (safe; 1% risk of failure)
Confirm with . or Enter, or press ? or * to list all spells.
Aiming: Stone Arrow (safe; 1% risk of failure)
Press: ? - help, Shift-Dir - straight line, f/p - komodo dragon
Aim: a komodo dragon (heavily wounded)
The stone arrow hits the komodo dragon!
The komodo dragon is almost dead.
The komodo dragon bites you!!
You barely miss the komodo dragon.
The komodo dragon is almost dead.
The komodo dragon bites you!!
You die...

...#...........≈#≈≈≈P≈P
.P#............≈≈#≈≈♣≈≈P
≈≈P............≈≈≈≈♣P≈≈≈
P≈≈P...........(<...♣
≈≈≈...........#....#.♣♣≈≈
≈≈;................#..≈♣≈
≈≈P...†...............♣♣≈
#l##...............
##@..........#.....
#.†.####.......... .
#...#.##....##)..# ..
##.....Y....#....# ...
##...............#
....###...###...........
...........###..........
..........## #..........
...###÷..####....P...≈.


You could see a komodo dragon.

Vanquished Creatures
  A hydra (Lair:1)
  2 two-headed ogres
  A spiny frog (Lair:1)
  A komodo dragon (Lair:1)
  A queen bee (D:8)
  A troll (D:10)
  Prince Ribbit (D:9)
  Grinder (D:4)
  3 hippogriffs
  A wyvern (D:9)
  2 wraiths (D:9)
  16 yaks
  A hungry ghost (D:10)
  5 water moccasins
  3 porcupines
  A hornet zombie (D:8)
  4 orc warriors
  2 sky beasts
  A phantom (D:7)
  3 ice beasts
  3 ogres
  3 centaurs
  8 wolves
  A crocodile (Lair:1)
  17 bullfrogs
  7 scorpions
  16 killer bees (D:8)
  5 wights (D:7)
  An electric eel (D:8)
  3 howler monkeys
  5 crimson imps
  2 centaur zombies
  6 hounds
  2 orc priests (D:10)
  A gnoll shaman (D:8)
  7 orc wizards
  A bullfrog skeleton (D:8)
  Terence (D:3)
  An iguana (D:4)
  3 worker ants
  A hound zombie (D:6)
  3 hound skeletons
  9 gnolls
  17 adders
  2 shadow imps (D:10)
  2 oozes
  An adder skeleton (D:6)
  A worm (D:3)
  2 dart slugs
  4 leopard geckos
  27 orcs
  12 bats
  6 giant cockroaches
  8 goblins
  6 hobgoblins
  11 jackals
  4 quokkas
  2 ball pythons
  2 frilled lizards
  6 kobolds
  A leopard gecko skeleton (D:4)
  A quokka skeleton (D:6)
  6 rats
  2 fungi (Lair:1)
280 creatures vanquished.

Vanquished Creatures (others)
  15 fungi
  3 plants
18 creatures vanquished.

Grand Total: 298 creatures vanquished

Notes
Turn   | Place    | Note
-------+----------+-------------------------------------------
     0 | D:1      | nightchill the Gargoyle Earth Elementalist began the quest
                  | for the Orb.
     0 | D:1      | Reached XP level 1. HP: 10/10 MP: 3/3
   302 | D:1      | Reached XP level 2. HP: 15/15 MP: 5/5
   317 | D:1      | Reached skill level 4 in Earth Magic
   383 | D:1      | Learned a level 2 spell: Passwall
   985 | D:1      | Reached XP level 3. HP: 15/20 MP: 6/6
  1774 | D:2      | Found a stormy altar of Qazlal.
  1813 | D:2      | Reached skill level 1 in Fighting
  1952 | D:2      | Reached skill level 5 in Earth Magic
  1952 | D:2      | Reached XP level 4. HP: 20/25 MP: 5/7
  2787 | D:3      | Noticed an ogre
  2790 | D:3      | Killed an ogre
  2790 | D:3      | Reached skill level 6 in Earth Magic
  2790 | D:3      | Reached XP level 5. HP: 21/31 MP: 4/8
  2894 | D:3      | Learned a level 5 spell: Lee's Rapid Deconstruction
  3353 | D:3      | Noticed Terence
  3426 | D:3      | Killed Terence
  3426 | D:3      | Reached XP level 6. HP: 9/37 MP: 0/9
  3715 | D:3      | Found an opulent altar of Gozag.
  4013 | D:4      | Reached skill level 7 in Earth Magic
  4723 | D:4      | Noticed Grinder
  4755 | D:4      | Killed Grinder
  4755 | D:4      | Reached skill level 8 in Earth Magic
  4755 | D:4      | Reached XP level 7. HP: 42/43 MP: 5/10
  4829 | D:4      | Found a staircase to the Ecumenical Temple.
  4838 | Temple   | Entered the Ecumenical Temple
  4869 | Temple   | Became a worshipper of Vehumet
  5385 | D:5      | Entered Level 5 of the Dungeon
  5681 | D:5      | Found a glowing golden altar of the Shining One.
  5731 | D:5      | Reached skill level 1 in Maces & Flails
  5902 | D:5      | Reached XP level 8. HP: 24/48 MP: 7/12
  6009 | D:5      | Reached skill level 9 in Earth Magic
  6229 | D:5      | Found the +7 Singing Sword {slice, sonic wave}
  6481 | D:5      | Reached skill level 5 in Fighting
  6745 | D:6      | Found Celini's General Store.
  6920 | D:6      | Reached skill level 1 in Long Blades
  7016 | D:6      | Found a hide-covered altar of Uskayaw.
  7327 | D:6      | Learned a level 3 spell: Stone Arrow
  7366 | D:7      | Noticed a hippogriff
  7371 | D:7      | Killed a hippogriff
  7371 | D:7      | Reached skill level 10 in Earth Magic
  7516 | D:7      | Reached XP level 9. HP: 25/55 MP: 11/14
  7640 | D:7      | Reached * piety under Vehumet
  7640 | D:7      | Offered knowledge of Shock by Vehumet.
  7956 | D:7      | Found the +8 mithril axe "Arga" {speed, MR+}
  8102 | D:7      | Reached skill level 11 in Earth Magic
  8341 | D:7      | Reached skill level 1 in Conjurations
  8673 | D:8      | Reached skill level 5 in Spellcasting
  8825 | D:8      | Offered knowledge of Sting by Vehumet.
  8825 | D:8      | Reached XP level 10. HP: 55/63 MP: 17/17
  8914 | D:8      | Reached ** piety under Vehumet
  9059 | D:8      | Noticed a two-headed ogre
  9068 | D:8      | Killed a two-headed ogre
  9811 | D:9      | Noticed a two-headed ogre
  9812 | D:9      | Found the +5 scythe "Finisher" {speed, eviscerate}
 10009 | D:9      | Offered knowledge of Searing Ray by Vehumet.
 10013 | D:9      | Reached skill level 5 in Long Blades
 10127 | D:9      | Found an ancient bone altar of Kikubaaqudgha.
 10203 | D:9      | Found Gaunwuw's Food Boutique.
 10410 | D:9      | Reached skill level 12 in Earth Magic
 10490 | D:9      | Killed a two-headed ogre
 10490 | D:9      | Reached skill level 1 in Shields
 10495 | D:9      | Reached skill level 5 in Conjurations
 10909 | D:9      | Reached XP level 11. HP: 69/69 MP: 20/20
 10921 | D:9      | Noticed Prince Ribbit
 10924 | D:9      | Killed Prince Ribbit
 11100 | D:10     | Entered Level 10 of the Dungeon
 11148 | D:10     | Reached *** piety under Vehumet
 11900 | D:10     | Found a staircase to the Lair.
 11980 | D:10     | Offered knowledge of Ignite Poison by Vehumet.
 12661 | Lair:1   | Entered Level 1 of the Lair of Beasts
 12987 | Lair:1   | Reached **** piety under Vehumet
 13093 | Lair:1   | Reached skill level 1 in Armour
 13298 | Lair:1   | Noticed a five-headed hydra
 13317 | Lair:1   | Offered knowledge of Bolt of Magma by Vehumet.
 13331 | Lair:1   | Killed a five-headed hydra
 13732 | Lair:1   | Learned a level 5 spell: Bolt of Magma
 13782 | Lair:1   | Reached skill level 13 in Earth Magic
 14564 | Lair:2   | Reached XP level 12. HP: 76/76 MP: 21/21
 14583 | Lair:2   | Slain by a komodo dragon

Levels and vault maps discovered:
D:1:      dpeg_arrival_long_road, layout_basic
D:2:      layout_rooms, nicolae_overflow_hidden_temple, minmay_pentomino_v4
D:3:      layout_loops_ring, marbit_many_paths, uniq_terence
D:4:      layout_gridville, minmay_temple_entry_slanted, uniq_grinder
D:5:      old_forge, layout_cave_pools, kennysheep_mini, first_ration,
          minmay_misc_feat_x
D:6:      layout_basic, eat_drink_and_be_merry_uskayaw, serial_shops, shop
D:7:      layout_basic
D:8:      layout_basic, david_nohive_1, minivault_4
D:9:      layout_basic, kiku_gazebo_garden_becter, serial_shops,
          nicolae_shop_behind_doors, minmay_guarded_unrand_finisher,
          uniq_prince_ribbit1
D:10:     layout_loops_ring, grunt_lair_entry_orc_guard_hut
D:11:     cheibrodos_breeding_chamber, layout_irregular_city
Temple:   minmay_crystal_spiral_temple
Lair:1:   layout_cave_pods
Lair:2:   layout_gridlike, serial_bayou, serial_bayou_shore_b,
          serial_bayou_ford_a, serial_bayou_pond_e, serial_bayou_pond_b,
          serial_bayou_lake_a, minmay_lair_oklob_chamber

Skill      XL: |  1  2  3  4  5  6  7  8  9 10 11 12 |
---------------+-------------------------------------+-----
Earth Magic    | 4 5 6 8 10 11 12 13 | 13.1
Fighting       | 1 2 3 4 5 7 8 9 |  9.6
Maces & Flails | 1 |  1.7
Spellcasting   | 3 5 6 |  6.0
Long Blades    | 2 4 5 6 |  6.8
Conjurations   | 2 5 6 7 |  7.0
Shields        | 2 4 |  4.0
Armour         | 2 3 |  3.2
Dodging        | |  1.6
Stealth        | |  2.3
Transmutations | |  0.7

Action                   |  1- 3 |  4- 6 |  7- 9 | 10-12 || total
-------------------------+-------+-------+-------+-------++-------
Melee: Club              |     4 |       |       |       ||     4
       Dagger            |   124 |   201 |    89 |       ||   414
       Unarmed           |     1 |       |       |       ||     1
       Flail             |       |       |    31 |       ||    31
       Double sword      |       |       |   112 |   215 ||   327
Throw: Stone             |       |     5 |     3 |     2 ||    10
 Cast: Sandblast         |    11 |    33 |    24 |    14 ||    82
       Passwall          |       |     2 |       |       ||     2
       Lee's Rapid Decon |       |     1 |     6 |     4 ||    11
       Stone Arrow       |       |       |     7 |    23 ||    30
       Bolt of Magma     |       |       |       |     3 ||     3
Evoke: Wand              |       |     4 |     3 |     2 ||     9
  Use: Scroll            |       |     2 |     3 |    10 ||    15
 Stab: Sleeping          |     3 |     4 |     5 |     6 ||    18
       Distracted        |       |       |     1 |       ||     1
  Eat: Chunk             |     3 |    11 |    10 |    18 ||    42
       Ration            |       |       |     2 |     1 ||     3
Armor: Robe              |    43 |    94 |   114 |    98 ||   349
Dodge: Dodged            |    74 |   136 |   180 |   179 ||   569
       Deflected         |       |       |       |     4 ||     4
Block: Buckler           |       |       |       |    15 ||    15
       Rpst.: Double sword |       |       |    23 |    49 ||    72
